[Event "ICC tourney 2156 (40 10)"]
[Site "Internet Chess Club"]
[Date "2020.11.22"]
[Round "5"]
[White "JonnyTurgi"]
[Black "Leolix"]
[Result "0-1"]
[ICCResult "White resigns"]
[WhiteElo "2062"]
[BlackElo "1953"]
[Opening "QGD Slav: Krause attack"]
[ECO "D17"]
[NIC "SL.04"]
[Time "20:02:08"]
[TimeControl "2400+10"]

1. d4 d5 2. c4 c6 3. Nf3 Nf6 4. Nc3 dxc4 5. a4 Bf5 6. Ne5 Nbd7 7. Nxc4 Nb6
8. Ne5 a5 9. f3 e6 10. e4 Bg6 11. Be3 Bb4 12. Be2 O-O 13. O-O Qe7 14. Na2
Rfd8 15. Qb3 c5 16. Nxb4 cxb4 17. Rac1 Rac8 18. d5 Nbd7 19. Nxg6 hxg6 20.
dxe6 Qxe6 21. Qxe6 fxe6 22. Rfd1 Kf7 23. Bb5 Ne5 24. Bf4 Rxd1+ 25. Rxd1 Nc6
26. b3 Na7 27. Bc4 Nc6 28. g4 Rd8 29. Rxd8 Nxd8 30. Bb5 Nc6 31. Bxc6 bxc6
32. Bc7 Nd7 33. Bxa5 c5 34. Bc7 c4 35. Bf4 cxb3 36. Bc1 Nc5 37. a5 Ke7 38.
Bb2 Kd7 39. Bxg7 Nd3 40. a6 Kc6 41. a7 Kb7 42. a8=Q+ Kxa8 43. h4 e5
{White resigns}
0-1

[Event "ICC tourney 2156 (40 10)"]
[Site "Internet Chess Club"]
[Date "2020.11.22"]
[Round "5"]
[White "JunlinTheWorld"]
[Black "musk6868"]
[Result "0-1"]
[ICCResult "White resigns"]
[WhiteElo "1817"]
[BlackElo "2075"]
[Opening "Sicilian defense"]
[ECO "B44"]
[NIC "SI.39"]
[Time "20:02:11"]
[TimeControl "2400+10"]

1. e4 c5 2. Nf3 e6 3. d4 cxd4 4. Nxd4 Nc6 5. Be2 Nf6 6. f3 d5 7. Nxc6 bxc6
8. Bg5 Qb6 9. b3 Bd6 10. Nd2 Be5 11. Rb1 Bd4 12. Bh4 O-O 13. Qc1 Be3 14. Qb2
Bd4 15. c3 Be5 16. Bf2 Qa5 17. b4 Qc7 18. Bd4 Bxh2 19. c4 Bg3+ 20. Kd1 e5
21. Bc5 Rd8 22. cxd5 cxd5 23. Rc1 Qb7 24. exd5 Rxd5 25. Bc4 Rxc5 26. Bxf7+
Qxf7 27. Rxc5 Be6 28. a4 Rd8 29. Ke2 Nd5 30. Qc2 Nf4+ 31. Kf1 Bf5 32. Qd1
Bd3+ 33. Kg1 Ne2+ 34. Kf1 Nc3+ {White resigns} 0-1

[Event "ICC tourney 2156 (40 10)"]
[Site "Internet Chess Club"]
[Date "2020.11.22"]
[Round "5"]
[White "orwind"]
[Black "crazyhorse9"]
[Result "1/2-1/2"]
[ICCResult "Game drawn by repetition"]
[WhiteElo "1636"]
[BlackElo "1460"]
[Opening "Ruy Lopez: exchange variation, 5.O-O"]
[ECO "C68"]
[NIC "RL.08"]
[Time "20:01:15"]
[TimeControl "2400+10"]

1. e4 e5 2. Nf3 Nc6 3. Bb5 a6 4. Bxc6 dxc6 5. O-O Bd6 6. d4 exd4 7. Qxd4 Ne7
8. Qxg7 Rg8 9. Qc3 Be6 10. Be3 Qd7 11. Nbd2 O-O-O 12. Rfb1 f5 13. b4 Rg6 14.
a4 Rdg8 15. Ne1 f4 16. Bc5 Bh3 17. Nc4 Bxg2 18. Nxg2 Qg4 19. Kf1 Qxg2+ 20.
Ke2 Qxe4+ 21. Kd2 Bxc5 22. bxc5 Rd8+ 23. Kc1 Nd5 24. Qb3 Rg1+ 25. Kb2 Qd4+
26. c3 Qxf2+ 27. Ka3 Qxc5+ 28. Ka2 Qa7 29. Rxg1 Qf2+ 30. Ka3 Qc5+ 31. Ka2
Qf2+ 32. Ka3 Qc5+ 33. Ka2 Qf2+ {Game drawn by repetition} 1/2-1/2

[Event "ICC tourney 2156 (40 10)"]
[Site "Internet Chess Club"]
[Date "2020.11.22"]
[Round "5"]
[White "mnm2"]
[Black "fascimate"]
[Result "0-1"]
[ICCResult "White forfeits on time"]
[WhiteElo "1521"]
[BlackElo "1658"]
[Opening "Sicilian: Prins (Moscow) variation"]
[ECO "B55"]
[NIC "SI.01"]
[Time "20:01:26"]
[TimeControl "2400+10"]

1. e4 c5 2. Nf3 d6 3. d4 cxd4 4. Nxd4 Nf6 5. f3 a6 6. c4 e5 7. Nb3 Be6 8.
Be3 Qc7 9. Qc2 b5 10. N1d2 Nbd7 11. Be2 bxc4 12. Bxc4 Rc8 13. Rc1 d5 14.
exd5 Nxd5 15. Qd3 Nb4 16. Qb1 Bxc4 17. Rxc4 Qb8 18. Rxc8+ Qxc8 19. O-O Be7
20. Rc1 Qb8 21. Ne4 O-O 22. Rd1 Nb6 23. Kh1 Nc4 24. Bc5 Qb7 25. Rc1 Nb6 26.
Na5 Qa7 27. Bxb4 Bxb4 28. Nc6 Qb7 29. Nxb4 f5 30. Nc5 Qf7 31. Ncxa6 e4 32.
Rc7 Qh5 33. Qd1 Re8 34. Qd4 Qg6 35. Rc6 Qg5 36. Rxb6 exf3
{White forfeits on time}
0-1

[Event "ICC tourney 2156 (40 10)"]
[Site "Internet Chess Club"]
[Date "2020.11.22"]
[Round "5"]
[White "Openyagami"]
[Black "Aleksandrov73"]
[Result "1-0"]
[ICCResult "Black resigns"]
[WhiteElo "2615"]
[BlackElo "2621"]
[Opening "English: Neo-Catalan accepted"]
[ECO "A13"]
[NIC "RE.10"]
[Time "20:01:40"]
[TimeControl "2400+10"]

1. c4 e6 2. Nf3 d5 3. g3 dxc4 4. Bg2 Nf6 5. Qa4+ Nbd7 6. Qxc4 c5 7. Qb3 Rb8
8. d3 Bd6 9. Nc3 a6 10. a4 b6 11. Nd2 Bb7 12. Bxb7 Rxb7 13. Nc4 Bc7 14. O-O
Qb8 15. Bg5 O-O 16. Ne3 b5 17. axb5 axb5 18. Ra2 Rc8 19. Bxf6 Nxf6 20. Rfa1
h5 21. Ra6 h4 22. Kg2 Be5 23. R1a5 c4 24. Qb4 Bd4 25. Ra8 Qc7 26. Nxb5 Qc6+
27. Kh3 Bxe3 28. Qxc4 Bc5 29. Rxc8+ Qxc8 30. Nd6 Qd7 31. Nxb7 e5+ 32. g4 e4
33. f3 Qxb7 34. Rxc5 exf3 35. Rc7 Qd5 36. Rc8+ Kh7 37. Qxd5 Nxd5 38. exf3 g5
39. Rc4 {Black resigns} 1-0